 Dungeon Crawl Stone Soup version 0.23.0 (webtiles) character file.

Game seed: 611823193078472747

25 Borgoz the Sneak (level 3, 0/27 HPs)
             Began as a Ghoul Enchanter on Feb 17, 2019.
             Slain by a rat (1 damage)
             ... on level 1 of the Dungeon.
             The game lasted 00:01:53 (599 turns).

Borgoz the Sneak (Ghoul Enchanter)                   Turns: 599, Time: 00:01:54

Health: 0/27       AC:  2    Str: 11    XL:     3   Next: 4%
Magic:  4/4        EV: 12    Int: 10    God:
Gold:   0          SH:  0    Dex: 10    Spells: 4/5 levels left

rFire    . . .     SeeInvis .   a - +1 dagger
rCold    + . .     Gourm    .   (no shield)
rNeg     + + +     Faith    .   b - +0 robe
rPois    ∞         Spirit   .   (no helmet)
rElec    .         Reflect  .   (no cloak)
rCorr    .         Harm     .   (no gloves)
MR       .....                  (no boots)
Stlth    ++........             (no amulet)
HPRegen  0.00/turn              (no ring)
MPRegen  0.09/turn              (no ring)

@: rotting
A: rotting body, claws 1, carnivore, cold resistance 1, negative energy
resistance 3, inhibited regeneration, torment resistance, unbreathing
a: no special abilities


You were on level 1 of the Dungeon.
You were not hungry.

You visited 1 branch of the dungeon, and saw 1 of its levels.

Inventory:

Hand Weapons
 a - a +1 dagger (weapon)
Armour
 b - a +0 robe (worn)
Comestibles
 d - a ration


   Skills:
 + Level 0.6 Fighting
 * Level 1.3 Short Blades
 * Level 2.1 Dodging
 * Level 3.6 Stealth
 + Level 1.9 Spellcasting
 + Level 2.5 Hexes


You had 4 spell levels left.
You knew the following spells:

 Your Spells              Type           Power        Failure   Level  Hunger
a - Corona                Hex            #......      11%         1    ##.....

Your spell library contained the following spells:

 Spells                   Type           Power        Failure   Level  Hunger
 Ensorcelled Hibernation  Hex/Ice        #.....       28%         2    ###....
 Confuse                  Hex            #.......     32%         3    ####...
 Tukima's Dance           Hex            #.......     32%         3    ####...
 Dazzling Spray           Conj/Hex       #.....       50%         3    ####...


Dungeon Overview and Level Annotations

Branches:
Dungeon (1/15)

Altars:


Innate Abilities, Weirdness & Mutations

Your body is rotting away.
You thrive on raw meat.
You are immune to poison.
You have sharp fingernails.
You are carnivorous and can eat meat at any time.
Your flesh is cold resistant. (rC+)
You are immune to negative energy. (rN+++)
You do not regenerate when monsters are visible.
You are immune to unholy pain and torment.
You can survive without breathing.


Message History

The bat is moderately wounded.
The bat barely misses you. The bat hits you.
* * * LOW HITPOINT WARNING * * *
You barely miss the bat.
The bat is moderately wounded.
The bat misses you.
You closely miss the bat.
The bat is moderately wounded.
The bat barely misses you.
A rat comes into view.
You hit the bat but do no damage.
The bat is moderately wounded.
The bat hits you but does no damage. The bat hits you.
* * * LOW HITPOINT WARNING * * *
You hit the bat.
You kill the bat!
You see here a bat corpse.
You butcher the bat corpse.
The rat bites you.
You die...

#. .#. ##.# ... #.#...
.. #.#..# .## #.#..#
##.≈#. #+# ######.#..#
##≈.≈#.# #.#
.........####...≈#.#
#####.###
.###........†...r..≈#.#
#...'.'..
...#.###.#..####@.≈≈#.#
#.###.### ......#.....#
##≈.≈..# #.# #.# #
...#........#
##.≈..###'###.###
............#
#....'..........
............#
##.#.###'###.###
.##...#.....#######.#.#
#.# #.# #
#.h.##.#.......)....#
#.###.### .....
###...#####....#
#...+.'.. .#.... #...#
###....# #####.###


You could see a rat.

Vanquished Creatures
  An ooze (D:1)
  A giant cockroach (D:1)
  A goblin (D:1)
  4 hobgoblins (D:1)
  4 jackals (D:1)
  A ball python (D:1)
  3 bats (D:1)
  A kobold (D:1)
  4 rats (D:1)
20 creatures vanquished.

Notes
Turn   | Place    | Note
-------+----------+-------------------------------------------
     0 | D:1      | Borgoz the Ghoul Enchanter began the quest for the Orb.
     0 | D:1      | Reached XP level 1. HP: 14/14 MP: 2/2
    61 | D:1      | Reached skill level 1 in Short Blades
    66 | D:1      | Reached XP level 2. HP: 9/22 MP: 3/3
   584 | D:1      | Reached XP level 3. HP: 3/27 MP: 4/4
   596 | D:1      | HP: 1/27 [bat (1)]
   599 | D:1      | Slain by a rat

Skill      XL: |  1  2 |
---------------+-------+-----
Short Blades   | 1 |  1.3
Dodging        | 2 |  2.1
Fighting       | |  0.6
Stealth        | |  3.6
Spellcasting   | |  1.9
Hexes          | |  2.5

Action                   || total
-------------------------++-------
Melee: Dagger            ||   105
 Stab: Sleeping          ||     4
  Eat: Chunk             ||     9
Armor: Robe              ||    27
Dodge: Dodged            ||    67
